 Dungeon Crawl Stone Soup version 0.26-a0-771-g060e6a62af (webtiles) character file.

Game seed: 165458460880285942

39097 RaHiT the Covert (level 14, 0/99 HPs)
             Began as an Octopode Delver on Nov 8, 2020.
             Was a High Priest of Cheibriados.
             Slain by a komodo dragon (5 damage)
             ... while petrified by a basilisk
             ... on level 6 of the Lair of Beasts.
             The game lasted 02:17:51 (23794 turns).

RaHiT the Covert (Octopode Delver)                 Turns: 23794, Time: 02:17:52

Health: 0/99       AC:  1    Str: 26    XL:     14   Next: 5%
Magic:  25/25      EV:  2    Int: 31    God:    Cheibriados [*****.]
Gold:   767        SH:  0    Dex: 27    Spells: 17/27 levels left

rFire    + . .     SeeInvis .     - Unarmed
rCold    . . .     Faith    .   (shield currently unavailable)
rNeg     + + +     Spirit   .   (helmet restricted)
rPois    ∞         Reflect  .   o - amulet of the acrobat
rElec    .         Harm     .   r - ring of wizardry
rCorr    .         Rampage  .   l - ring of poison resistance
MR       +....                  K - ring of protection from fire
Stlth    ++++++....             (no ring)
HPRegen  0.26/turn              (no ring)
MPRegen  0.19/turn              (no ring)
                                (no ring)
                                (no ring)

@: blade tentacles (expiring), petrified, very slow
A: almost no armour, stealthy swim, amphibious, 8 rings, constrict 8, camouflage
1, gelatinous body 1, MP-powered wands
a: End Transformation, Bend Time, Temporal Distortion, Slouch, Step From Time,
Renounce Religion


You were on level 6 of the Lair of Beasts.
You worshipped Cheibriados.
Cheibriados was extremely pleased with you.
You had blades for tentacles.
You visited 3 branches of the dungeon, and saw 18 of its levels.

You collected 935 gold pieces.
You spent 168 gold pieces at shops.

Inventory:

Missiles
 g - 7 silver boomerangs
 h - 350 stones
 m - 5 atropa-tipped darts
 q - 117 bolts
 s - 354 arrows
 v - 55 poisoned darts (quivered)
 y - 75 sling bullets
 D - 18 boomerangs
Armour
 N - a cursed +0 buckler
Magical Staves
 p - a cursed staff of earth {unknown}
 L - an uncursed staff of air
 M - an uncursed staff of death
 Q - an uncursed staff of conjuration {unknown}
Jewellery
 l - a ring of poison resistance (right scythe-like blade)
 o - an amulet of the acrobat (around mantle)
 r - a ring of wizardry (left scythe-like blade)
 K - a ring of protection from fire (on tentacle)
Wands
 e - a wand of digging (9)
 B - a wand of paralysis (15)
 C - a wand of iceblast (6)
 E - a wand of polymorph (22)
 G - a wand of acid (6)
Scrolls
 a - 5 scrolls of fog
 b - 8 scrolls of magic mapping
 i - a scroll of immolation
 j - 4 scrolls of enchant armour
 k - 16 scrolls of remove curse
 t - 11 scrolls of teleportation
 u - 3 scrolls of enchant weapon
 x - 3 scrolls of blinking
 H - a scroll of holy word
 J - a scroll of amnesia
 O - a scroll of vulnerability {unknown}
Potions
 c - 2 potions of heal wounds
 d - 2 potions of might
 f - 4 potions of ambrosia
 n - a potion of brilliance
 w - 4 potions of mutation
 z - 3 potions of curing
 A - 2 potions of invisibility
 F - 2 potions of resistance
 I - 3 potions of cancellation
 P - 2 potions of lignification


   Skills:
 - Level 10.0 Fighting
 - Level 10.0 Dodging
 - Level 10.0 Stealth
 - Level 10.0 Unarmed Combat
 + Level 7.3 Spellcasting
 - Level 7.0 Transmutations
 - Level 10.0 Invocations
 - Level 10.0 Evocations


You had 17 spell levels left.
You knew the following spells:

 Your Spells              Type           Power        Failure   Level
a - Animate Skeleton      Necr           ##....       12%         1
b - Blade Hands           Tmut           ######....   16%         5
c - Summon Small Mammal   Summ           ##..         12%         1
l - Blink                 Tloc           N/A          16%         2
o - Apportation           Tloc           ##....       12%         1

Your spell library contained the following spells:

 Spells                   Type           Power        Failure   Level
 Beastly Appendage        Tmut           ######       4%          1
 Wereblood                Tmut           ######..     4%          2
 Spider Form              Tmut/Pois      ####......   11%         3
 Corona                   Hex            ##.....      12%         1
 Magic Dart               Conj           ##..         12%         1
 Call Imp                 Summ           ##......     16%         2
 Slow                     Hex            ##......     16%         2
 Ice Form                 Ice/Tmut       ####....     21%         4
 Conjure Flame            Conj/Fire      ##......     24%         3
 Inner Flame              Hex/Fire       ##......     24%         3
 Mephitic Cloud           Conj/Pois/Air  ##......     24%         3
 Portal Projectile        Hex/Tloc       ##....       24%         3
 Cause Fear               Hex            ##........   45%         4
 Leda's Liquefaction      Hex/Erth       ##........   45%         4
 Bolt of Magma            Conj/Fire/Erth ##........   73%         5
 Iskenderun's Battlesphe  Conj           ##......     73%         5
 Iron Shot                Conj/Erth      ##........   99%         6
 Orb of Destruction       Conj           ##........   100%        7
 Spellforged Servitor     Conj/Summ      ##........   100%        7


Dungeon Overview and Level Annotations

Branches:
Dungeon (11/15)            Temple (1/1) D:6            Lair (6/6) D:8
  Swamp (0/4) Lair:3       Spider (0/4) Lair:4        Slime (0/5) Lair:6
    Orc: D:9-12

Altars:
Ashenzari
Cheibriados
Dithmenos
Elyvilon
Fedhas
Gozag
Hepliaklqana
Kikubaaqudgha
Makhleb
Nemelex Xobeh
Okawaru
Qazlal
Ru
Sif Muna
Trog
Uskayaw
Vehumet
Wu Jian
Xom
Yredelemnul
Zin
The Shining One

Shops:
D:5 !   D:9 [

Annotations:
D:10 1 runed translucent door, Urug
Lair:3 2 runed translucent doors, exclusion: hydra, Perttuleena's ghost, journeyman DDCK


Innate Abilities, Weirdness & Mutations

You cannot wear most types of armour.
You are very stealthy in the water. (Stealth+)
You are amphibious.
You can wear up to eight rings at the same time.
You can use your tentacles to constrict eight enemies at once.
Your skin changes colour to match your surroundings (Stealth+).
Your rubbery body absorbs attacks. (AC +1, EV +1)
You expend magic power (3 MP) to strengthen your wands.


Message History

You are slowing down.
Your limbs are stiffening.
You have turned to stone.
Your transformation is almost over.
The basilisk bites you! The basilisk bites you! The basilisk bites you.
The komodo dragon bites you!! The basilisk bites you.
The komodo dragon bites you! The basilisk bites you!
The komodo dragon bites you! The basilisk gazes at you.
The komodo dragon bites you!!
* * * LOW HITPOINT WARNING * * *
The basilisk bites you!
* * * LOW HITPOINT WARNING * * *
The komodo dragon bites you!
* * * LOW HITPOINT WARNING * * *
The basilisk bites you!
* * * LOW HITPOINT WARNING * * *
The komodo dragon bites you!
You die...

...D$ #≈§#......8# ≈§# #..
..... #≈§≈......## ≈≈ #.. ..
#≈≈≈.......##≈## #.. ...
#≈≈≈........#§§# #.. ≈ #...
##≈≈........§.≈≈###..
≈§######≈##.........≈≈###...
§§§§≈≈≈≈≈≈##.......§≈≈# #...
#≈§≈§#§≈≈§≈#.....#.§≈####...
l##...##≈.l@#..#8#.≈≈###....
..l....#..l≈##8###§≈###....P
.......[.≈≈≈≈### ≈≈8# #...P.
.......##§≈§§# ≈§#####.....
....... ###§≈≈# ≈§ #...... #
....... #≈§§≈§≈# ##...... #
..####. §§§###≈ #....... ##
. 8# §### ≈ #....... .# #
##.......


You could see a komodo dragon and a basilisk.

Vanquished Creatures
  5 hydras
  A queen ant (Lair:2)
  4 death yaks (Lair:5)
  A fire crab (Lair:6)
  An orb spider (Lair:4)
  A centaur zombie (D:6)
  A centaur skeleton (D:11)
  An elephant (Lair:6)
  6 black mambas
  An eye of devastation (Lair:6)
  A torpor snail (Lair:6)
  2 molten gargoyles (Lair:6)
  10 cane toads
  8 komodo dragons
  2 rime drakes
  A queen bee (Lair:1)
  7 polar bears
  A hornet (Lair:3)
  9 blink frogs
  4 dream sheep (Lair:4)
  5 basilisks
  Eustachio (D:5)
  Grum (D:8)
  4 steam dragons
  52 yaks
  8 soldier ants (Lair:2)
  9 water moccasins
  Duvessa (D:4)
  4 hell hounds (Lair:6)
  4 orc warriors
  3 black bears
  4 sky beasts
  An eye of draining (Lair:6)
  An ice beast (D:7)
  2 phantoms
  3 ogres
  8 centaurs
  5 wolves
  A big kobold (D:8)
  7 bullfrogs
  Dowan (D:4)
  2 wyvern skeletons
  2 scorpions
  23 killer bees (Lair:1)
  5 wights
  5 lava snakes (Lair:6)
  A howler monkey (D:6)
  A crimson imp (D:6)
  2 bullfrog zombies
  2 jellies
  9 orc priests
  13 orc wizards
  A bullfrog skeleton (D:7)
  2 hounds (D:4)
  3 iguanas
  17 worker ants
  2 hound zombies (D:6)
  A hound skeleton (D:11)
  2 howler monkey zombies
  A worker ant zombie (D:5)
  9 adders
  4 white imps
  2 oozes
  An adder skeleton (D:7)
  3 worms
  A dart slug (D:3)
  9 leopard geckos
  41 orcs
  3 bats
  2 giant cockroaches
  7 hobgoblins
  11 jackals
  16 kobolds
  6 quokkas
  2 ball pythons
  4 frilled lizards
  5 goblins
  A quokka skeleton (D:7)
  2 quokka zombies (D:5)
  3 rats
  A bush (Lair:4)
419 creatures vanquished.

Vanquished Creatures (collateral kills)
  A komodo dragon (Lair:6)
  An adder (D:8)
  An orc (D:8)
3 creatures vanquished.

Vanquished Creatures (others)
  An ice beast (D:6)
  A jelly (D:6)
  A quokka zombie (D:6)
  20 fungi
  38 plants
61 creatures vanquished.

Grand Total: 483 creatures vanquished

Notes
Turn   | Place    | Note
-------+----------+-------------------------------------------
     0 | D:5      | RaHiT the Octopode Delver began the quest for the Orb.
     0 | D:5      | Reached XP level 1. HP: 16/16 MP: 1/1
   152 | D:5      | Found Sauleom's Distillery.
   159 | D:5      | Bought a potion of degeneration for 12 gold pieces
   162 | D:5      | Noticed a scorpion
   162 | D:5      | Noticed an orc wizard
   162 | D:5      | Noticed an orc wizard
   381 | D:5      | Reached XP level 2. HP: 18/21 MP: 2/2
   485 | D:4      | Noticed an ogre
   494 | D:5      | Noticed Eustachio
   573 | D:5      | Noticed a centaur
   820 | D:4      | Noticed Dowan
   850 | D:3      | Reached XP level 3. HP: 24/26 MP: 3/3
  1532 | D:1      | Reached XP level 4. HP: 31/31 MP: 4/4
  2323 | D:3      | Reached XP level 5. HP: 33/36 MP: 5/5
  2369 | D:3      | Found a blossoming altar of Fedhas.
  2530 | D:3      | Found a faded altar of an unknown god.
  2588 | D:3      | Reached skill level 5 in Unarmed Combat
  2741 | D:4      | Reached skill level 1 in Spellcasting
  2764 | D:4      | Noticed an ogre
  3075 | D:4      | Reached XP level 6. HP: 42/42 MP: 9/9
  3858 | D:5      | Reached XP level 7. HP: 38/49 MP: 11/11
  4045 | D:5      | Reached skill level 5 in Fighting
  4252 | D:5      | Found a broken altar of Ashenzari.
  5396 | D:5      | Killed Eustachio
  5396 | D:5      | Reached XP level 8. HP: 18/55 MP: 14/14
  5695 | D:5      | Bought a potion of heal wounds for 60 gold pieces
  5695 | D:5      | Bought a potion of invisibility for 96 gold pieces
  6018 | D:6      | Gained mutation: You have an increased reservoir of magic.
                  | (+10% MP) [potion of mutation]
  6018 | D:6      | Lost mutation: You have an increased reservoir of magic.
                  | (+10% MP) [potion of mutation]
  6018 | D:6      | Gained mutation: You expend magic power (3 MP) to
                  | strengthen your wands. [potion of mutation]
  6340 | D:5      | Reached skill level 5 in Dodging
  6423 | D:6      | Reached skill level 5 in Spellcasting
  6468 | D:6      | Reached skill level 1 in Evocations
  6631 | D:6      | Reached XP level 9. HP: 13/61 MP: 16/16
  7640 | D:6      | Found a staircase to the Ecumenical Temple.
  7649 | Temple   | Entered the Ecumenical Temple
  7779 | Temple   | Became a worshipper of Cheibriados the Contemplative
  7914 | D:4      | Noticed Duvessa
  7949 | D:3      | Reached skill level 5 in Evocations
  8288 | D:4      | Killed Duvessa
  8288 | D:4      | Reached skill level 10 in Stealth
  8288 | D:4      | Reached skill level 1 in Invocations
  8293 | D:4      | Killed Dowan
  9356 | D:7      | Found an iron altar of Okawaru.
  9447 | D:7      | Found a stormy altar of Qazlal.
  9553 | D:7      | Reached * piety under Cheibriados
 10159 | D:7      | Found an ornate altar of the Wu Jian Council.
 10628 | D:8      | Reached XP level 10. HP: 54/69 MP: 17/17
 10958 | D:8      | Found a shimmering blue altar of Sif Muna.
 10976 | D:8      | Reached skill level 5 in Invocations
 10991 | D:8      | Learned a level 1 spell: Apportation
 10993 | D:8      | Learned a level 1 spell: Animate Skeleton
 10995 | D:8      | Learned a level 1 spell: Summon Small Mammal
 11012 | D:8      | Reached ** piety under Cheibriados
 11158 | D:8      | Noticed Grum
 11168 | D:8      | Killed Grum
 11346 | D:8      | Found a staircase to the Lair.
 11431 | D:8      | Found a bloodstained altar of Trog.
 11463 | D:8      | Found an opulent altar of Gozag.
 11551 | D:8      | You fall into a shaft and drop 3 floors!
 12286 | D:11     | Noticed a red ugly thing
 12320 | D:10     | Entered Level 10 of the Dungeon
 12361 | D:10     | Found a runed translucent door.
 12403 | D:10     | Noticed Urug
 12643 | D:8      | Found an ancient bone altar of Kikubaaqudgha.
 12643 | D:8      | Found a sparkling altar of Nemelex Xobeh.
 12744 | D:8      | Reached *** piety under Cheibriados
 13828 | D:9      | Learned a level 5 spell: Blade Hands
 14056 | D:9      | Found Jole's Armour Emporium.
 14585 | D:9      | Reached XP level 11. HP: 61/75 MP: 18/18
 15287 | D:10     | Reached **** piety under Cheibriados
 16168 | D:11     | Reached skill level 10 in Invocations
 16775 | Lair:1   | Entered Level 1 of the Lair of Beasts
 17260 | Lair:1   | Reached skill level 1 in Transmutations
 17292 | Lair:1   | Reached ***** piety under Cheibriados
 17950 | Lair:1   | Noticed a five-headed hydra
 17959 | Lair:1   | Noticed a five-headed hydra
 17966 | Lair:1   | Killed a five-headed hydra
 17966 | Lair:1   | Reached skill level 5 in Transmutations
 17975 | Lair:1   | Killed a five-headed hydra
 18087 | Lair:1   | Reached XP level 12. HP: 81/81 MP: 15/22
 18111 | Lair:1   | HP: 1/81 [yak (16)]
 18829 | Lair:2   | Noticed an eight-headed hydra
 19512 | Lair:2   | Noticed a queen ant
 19521 | Lair:2   | Killed a queen ant
 19851 | Lair:2   | Reached skill level 10 in Unarmed Combat
 20165 | Lair:3   | Found a staircase to the Swamp.
 20290 | Lair:3   | Noticed an eight-headed hydra
 20327 | Lair:3   | Found a runed translucent door.
 20433 | Lair:3   | Found a runed translucent door.
 20440 | Lair:3   | Noticed Perttuleena's ghost (journeyman DDCK)
 20904 | Lair:4   | Reached XP level 13. HP: 82/91 MP: 19/23
 21066 | Lair:4   | Reached skill level 10 in Fighting
 21471 | Lair:4   | Found a hole to the Spider Nest.
 22066 | Lair:5   | Reached skill level 10 in Dodging
 22608 | Lair:6   | Entered Level 6 of the Lair of Beasts
 22624 | Lair:6   | Found a staircase to the Slime Pits.
 23120 | Lair:6   | Learned a level 2 spell: Blink
 23607 | Lair:6   | Reached XP level 14. HP: 72/99 MP: 18/24
 23728 | Lair:6   | Reached skill level 10 in Evocations
 23794 | Lair:6   | Slain by a komodo dragon

Illustrated notes

Levels and vault maps discovered:
D:1:      tarquinn_simple_flora_water_e, layout_rooms, minivault_24,
          st_stairs_4, minmay_tree_intersection
D:2:      layout_loops_ring, minmay_misc_feat_columns, minmay_tetromino_i4
D:3:      minmay_evil_eye, layout_rooms, chequers_ecumenical_altar_simple,
          fedhas_ov_isle_minmay
D:4:      layout_rooms, chequers_serial_rivers_micro_a, uniq_duvessa
D:5:      layout_basic, serial_shops, shop, basic_altar, uniq_eustachio
D:6:      layout_rooms, lemuel_temple_firewalk_b, minmay_fire_ice_demons
D:7:      layout_loops_cross, marbit_many_paths, lemuel_doored_altar,
          nicolae_qazlal_eye_of_the_storm
D:8:      layout_gridville, overflow_temple_1_default,
          gammafunk_temple_overflow_pools, kennysheep_mini_moat,
          lair_entry_dummy, lemuel_altar_in_water, uniq_grum
D:9:      layout_loops_ring, serial_shops, shop, minmay_misc_feat_alley
D:10:     layout_long_grid, ebering_ghost_inner_flame, lightli_church_of_beogh,
          uniq_erolcha, uniq_urug
D:11:     layout_loops_ring
Temple:   nicolae_temple_elliptical
Lair:1:   layout_loops_ring, special_room [special_room_bee],
          grunt_forest_small_clearings
Lair:2:   layout_roguey, minmay_another_anthill, lemuel_fruit_fields,
          serial_bayou_shore_b
Lair:3:   gammafunk_indiana_jones, layout_cave_shapes, swamp_mist_pool,
          ebering_ghost_inner_flame, beast_lair_carwin_9
Lair:4:   layout_roguey, nicolae_spider_entry_orb_guardian,
          minmay_stone_trees_small, minmay_hedge_maze, cheibrodos_lair_lostbears
Lair:5:   layout_misc_corridors
Lair:6:   cheibrodos_lair_end_hotspot, layout_regular_city,
          minmay_slime_entry_eyes, st_stairs_6

Skill      XL: |  1  2  3  4  5  6  7  8  9 10 11 12 13 14 |
---------------+-------------------------------------------+-----
Stealth        | 7 8 10 | 10.0
Unarmed Combat | 3 4 5 6 7 10 | 10.0
Spellcasting   | 2 3 4 5 7 |  7.3
Fighting       | 4 5 6 7 9 10 | 10.0
Dodging        | 4 5 6 7 10 | 10.0
Evocations     | 3 5 9 10 | 10.0
Invocations    | 4 8 10 | 10.0
Transmutations | 6 7 |  7.0

Action                   |  1- 3 |  4- 6 |  7- 9 | 10-12 | 13-15 || total
-------------------------+-------+-------+-------+-------+-------++-------
Melee: Unarmed           |    78 |    89 |   345 |   541 |   152 ||  1205
       Constrict         |    19 |    24 |    56 |    68 |    28 ||   195
       Tentacles         |    18 |    19 |    67 |   172 |    60 ||   336
       Punch             |     2 |     2 |    12 |    53 |    30 ||    99
Throw: Stone             |     7 |       |     4 |       |       ||    11
       Dart              |       |    38 |    44 |    58 |    13 ||   153
       Boomerang         |       |       |    15 |    45 |       ||    60
 Cast: Animate Skeleton  |       |       |       |    21 |     2 ||    23
       Apportation       |       |       |       |     9 |    11 ||    20
       Summon Small Mamm |       |       |       |     2 |       ||     2
       Blade Hands       |       |       |       |    30 |    28 ||    58
Invok: Bend Time         |       |       |     1 |       |       ||     1
       Slouch            |       |       |       |     4 |     2 ||     6
 Abil: End Transformatio |       |       |       |       |     3 ||     3
Evoke: Wand              |       |       |     3 |    12 |    19 ||    34
  Use: Scroll            |       |     4 |     3 |     9 |     4 ||    20
       Potion            |       |       |     7 |     9 |       ||    16
 Stab: Sleeping          |    13 |    14 |    14 |    15 |     2 ||    58
       Distracted        |       |     1 |       |     2 |     2 ||     5
       Invisible         |       |       |       |     2 |       ||     2
Armor: Skin              |     5 |     2 |    26 |   114 |     1 ||   148
Dodge: Dodged            |    47 |    54 |   188 |   353 |   127 ||   769

Table legend: (Time is in decaauts)
 A = Elapsed time spent in this place.
 B = Non-inter-level travel time spent in this place.
 C = Inter-level travel time spent in this place.
 D = Time resting spent in this place.
 E = Time spent auto-exploring this place.
 F = Levels seen in this place.
 G = Mean time per level.
                   A        B        C        D        E       F      G
               +--------+--------+--------+--------+--------+-----+--------+
         Total |  28600 |  27631 |    969 |   9778 |   1867 |  18 | 1588.9 |
       Dungeon |  18559 |  17732 |    827 |   7127 |   1652 |  11 | 1687.2 |
        Temple |    151 |    132 |     19 |      0 |      0 |   1 |  151.0 |
          Lair |   9890 |   9767 |    123 |   2650 |    215 |   6 | 1648.3 |
               +--------+--------+--------+--------+--------+-----+--------+

Top non-repeatable levels by time:
     D:5: 2818 daAuts
     D:8: 2689 daAuts
  Lair:1: 2612 daAuts
     D:7: 2186 daAuts
    D:11: 2137 daAuts
     D:6: 1925 daAuts
     D:9: 1808 daAuts
  Lair:6: 1758 daAuts
  Lair:2: 1708 daAuts
  Lair:5: 1512 daAuts
    D:10: 1325 daAuts
  Lair:4: 1264 daAuts
     D:4: 1210 daAuts
     D:3: 1181 daAuts
  Lair:3: 1034 daAuts
